 Dungeon Crawl Stone Soup version 0.19.0-24-gb05acd6 (webtiles) character file.

56 smedtjen the Firebug (level 3, -8/19 HPs)
             Began as a Deep Elf Fire Elementalist on Nov 20, 2016.
             Mangled by Terence
             ... wielding a +0 morningstar
              (11 damage)
             ... on level 2 of the Dungeon.
             The game lasted 00:09:49 (1484 turns).

smedtjen the Firebug (Deep Elf Fire Elementalist)   Turns: 1484, Time: 00:09:50

Health: -8/19      AC:  3    Str:  5    XL:     3   Next: 71%
Magic:  3/10       EV: 12    Int: 20    God:
Gold:   75         SH:  0    Dex: 15    Spells: 2 memorised, 6 levels left

rFire  . . .     SeeInvis .     d - +0 dagger
rCold  . . .     Gourm    .     e - +0 leather armour
rNeg   . . .     Faith    .     (no shield)
rPois  .         Spirit   .     (no helmet)
rElec  .         Reflect  .     (no cloak)
rCorr  .         Harm     .     (no gloves)
MR     .....                    (no boots)
Stlth  ++........               (no amulet)
                                (no ring)
                                (no ring)

@: very slightly contaminated
A: no striking features
a: no special abilities


You were on level 2 of the Dungeon.
You were not hungry.

You visited 1 branch of the dungeon, and saw 2 of its levels.

You collected 75 gold pieces.

Inventory:

Hand Weapons
 d - a +0 dagger (weapon)
 o - a cursed -3 short sword
Missiles
 g - 54 stones (quivered)
Armour
 a - a +0 robe
 e - a +0 leather armour (worn)
 k - a cursed +0 leather armour
Scrolls
 i - 2 scrolls of identify {unknown}
 j - a scroll of blinking {unknown}
 m - a scroll of amnesia {unknown}
 n - a scroll of teleportation {unknown}
Potions
 f - 2 potions of might {unknown}
Books
 b - a book of Flames

   Spells                             Type                      Level
   a - Flame Tongue                   Conjuration/Fire             1
   b - Throw Flame                    Conjuration/Fire             2
   c - Conjure Flame                  Conjuration/Fire             3
   d - Inner Flame                    Hexes/Fire                   3
   e - Sticky Flame                   Conjuration/Fire             4
   f - Fireball                       Conjuration/Fire             5
Comestibles
 c - a bread ration
 h - 2 chunks of flesh
 l - a meat ration


   Skills:
 + Level 0.2 Short Blades
 + Level 0.7 Armour
 + Level 2.7 Dodging
 + Level 2.6 Stealth
 + Level 3.6 Spellcasting
 + Level 1.8 Conjurations
 + Level 4.0 Fire Magic


You had 6 spell levels left.
You knew the following spells:

 Your Spells              Type           Power        Failure   Level  Hunger
a - Flame Tongue          Conj/Fire      ###..        10%         1    None
b - Throw Flame           Conj/Fire      ###...       12%         2    ##.....


Dungeon Overview and Level Annotations

Branches:
Dungeon (2/15)

Altars:
Nemelex Xobeh

Annotations:
D:2 Terence


Message History

Aiming: Throw Flame
Press: ? - help, Shift-Dir - straight line Something hits you.
You hit something but do no damage. Something barely misses you.
Casting: Throw Flame
Confirm with . or Enter, or press ? or * to list all spells.
You can't see any susceptible monsters within range! (Use Z to cast anyway.)
Casting: Throw Flame
Confirm with . or Enter, or press ? or * to list all spells.
Aiming: Throw Flame
Press: ? - help, Shift-Dir - straight line You miscast Throw Flame.
You are very lightly contaminated with residual magic.
Nothing appears to happen.
Something hits you!
* * * LOW HITPOINT WARNING * * *
Something hits you but does no damage.
There is a stone staircase leading down here.
Something hits you!
Ouch! That really hurt!
You die...

######## ####......#
.........# ....8...#
#......# .. +......#
....#......#
..........@#####.#
.....##..$.......#########
##+ ##.#########.......#
#.#### #.#####.# #....#
#.# #.# ####.# #.# #.#
#.#### #.# #.# # ####....#
#.# #.# .##> #.....#.# #.#
#.#


There were no monsters in sight!

Vanquished Creatures
  An adder (D:2)
  An ooze (D:1)
  2 leopard geckos (D:1)
  10 bats
  2 bat zombies (D:2)
  3 giant cockroaches
  5 goblins (D:1)
  5 hobgoblins (D:1)
  3 frilled lizards
  3 kobolds
  3 rats (D:1)
38 creatures vanquished.

Notes
Turn   | Place    | Note
-------+----------+-------------------------------------------
     0 | D:1      | smedtjen the Deep Elf Fire Elementalist began the quest for the Orb.
     0 | D:1      | Reached XP level 1. HP: 10/10 MP: 6/6
   330 | D:1      | Reached XP level 2. HP: 12/15 MP: 4/8
   393 | D:1      | Learned a level 2 spell: Throw Flame
   873 | D:1      | Reached XP level 3. HP: 15/19 MP: 6/10
  1220 | D:2      | Found a sparkling altar of Nemelex Xobeh.
  1235 | D:2      | Reached skill level 4 in Fire Magic
  1462 | D:2      | Noticed Terence
  1484 | D:2      | Mangled by Terence

Skill      XL: |  1  2  3 |
---------------+----------+-----
Fire Magic     | 4 |  4.0
Short Blades   | |  0.2
Armour         | |  0.7
Dodging        | |  2.7
Stealth        | |  2.6
Spellcasting   | |  3.6
Conjurations   | |  1.8

Action                   || total
-------------------------++-------
Melee: Dagger            ||    15
 Cast: Flame Tongue      ||    40
       Throw Flame       ||    17
  Eat: Chunk             ||     2
Armor: Leather armour    ||    15
Dodge: Dodged            ||    33
